AoeStats
← 鄙人張麻子

Arabia

503780788Analyzed
1v1 RM · 1mo ago on Sep 2, 2026· 40m 53s· 2 players
Game mode
Random Map
Map size
Tiny (2 player)
Population
200
Speed
Normal
Resources
Standard
Victory
Conquest
Starting age
Dark Age
Ending age
Imperial Age
RankedLock teamsTeams togetherTeam positionsShared explorationLock speedFull tech treeHidden civsTurbo modeCheats
Victory
Defeat
🇹🇼 Ethiopians · Taiwan
1170
+15
🇦🇺 Romans · Australia
1159
-15
Olthos
9:49 Feudal Age
18:53 Castle Age
21:02 Double-Bit Axe
21:45 Horse Collar
22:16 Scale Barding Armor
34:44 Horse Collar
39:54 Imperial Age
37:12 Loom
38:43 Bloodlines
38:37 Husbandry
鄙人張麻子
6:54 Loom
9:05 Feudal Age
9:46 Double-Bit Axe
12:57 Fletching
19:40 Wheelbarrow
22:23 Castle Age
21:06 Horse Collar
22:59 Bodkin Arrow
22:25 Crossbowman
24:54 Squires
26:29 Ballistics
26:18 Town Watch
27:42 Padded Archer Armor
27:44 Scale Mail Armor
30:35 Hand Cart
30:52 Chain Mail Armor
31:48 Sanctity
31:32 Heavy Plow
33:17 Hand Cart
33:59 Town Patrol
36:31 Imperial Age
34:48 Bow Saw
35:16 Leather Archer Armor
35:31 Gold Mining
35:55 Forging
35:54 Thumb Ring
37:36 Fervor
37:36 Bracer
38:40 Chemistry
37:05 Arbalester
38:46 Conscription
39:29 Theocracy
39:26 Siege Engineers
39:45 Halberdier
Connection lost

Rejoining the realm…

Still unreachable

The connection could not be restored.

Session expired

The server has moved on; the page needs a fresh start.